 Dungeon Crawl Stone Soup version 0.31.0-7-gf635a9b802 (webtiles) character file.

Game seed: 5431936250571368168

32391 browni3141 the Grappler (level 13, 0/127 HPs)
             Began as a Troll Enchanter on Jan 23, 2024.
             Was a High Priest of Cheibriados.
             Slain by a nine-headed hydra (11 damage)
             ... on level 2 of the Lair of Beasts.
             The game lasted 00:27:44 (12883 turns).

browni3141 the Grappler (Troll Enchanter)          Turns: 12883, Time: 00:27:44

Health: 0/127      AC:  9    Str: 37    XL:     13   Next: 31%
Magic:  7/19       EV: 15    Int: 25    God:    Cheibriados [*****.]
Gold:   865        SH:  0    Dex: 30    Spells: 11/16 levels left

rFire   . .          .
                       - Unarmed
rCold   + . .        (no shield)
rNeg    . . .        c - +0 steam dragon scales
rPois   .            (helmet restricted)
rElec   .            v - +1 cloak {rCorr}
rCorr   +            (gloves unavailable)
SInv    .            (boots unavailable)
Will    .....        R - amulet of regeneration
Stlth   +++          k - ring of protection from cold
HPRegen 2.01/turn    u - +6 ring of dexterity
MPRegen 0.16/turn

%: no passive effects
@: very slow
A: large, unfitting armour, claws 3, regeneration 1, shaggy fur 1, tough skin 1
a: Renounce Religion, Bend Time, Temporal Distortion, Slouch, Step From Time


You were on level 2 of the Lair of Beasts.
You worshipped Cheibriados.
Cheibriados was extremely pleased with you.
You visited 2 branches of the dungeon, and saw 14 of its levels.
You also visited: Bailey.

You collected 1096 gold pieces.
You spent 231 gold pieces at shops.

Inventory:

Hand Weapons
 h - a +1 heavy hand axe
 D - a +2 long sword of holy wrath
 G - a +2 hand axe of venom
Missiles
 f - 5 large rocks
 C - 7 poisoned darts
 J - 6 darts of dispersal
 T - 2 boomerangs (quivered)
Armour
 b - a +0 robe
 c - +0 steam dragon scales (worn)
 d - an orb of light
 v - a +1 cloak of preservation (worn)
 y - a +2 robe of willpower
 W - a scarf of shadows
Magical Staves
 F - a staff of death
Jewellery
 k - a ring of protection from cold (left claw)
 u - a +6 ring of dexterity (right claw)
 H - an amulet of guardian spirit
 K - a ring of resist corrosion
 R - an amulet of regeneration (around neck)
Wands
 p - a wand of polymorph (9)
 w - a wand of mindburst (12)
 P - a wand of paralysis (7)
Scrolls
 a - a scroll of fog {unknown}
 j - a scroll of enchant armour {unknown}
 l - 7 scrolls of identify {unknown}
 m - 6 scrolls of teleportation {unknown}
 q - 5 scrolls of noise {unknown}
 s - 4 scrolls of butterflies {unknown}
 x - 3 scrolls of amnesia {unknown}
 z - a scroll of vulnerability {unknown}
 I - a scroll of acquirement
 M - 3 scrolls of immolation {unknown}
 N - 3 scrolls of enchant weapon {unknown}
 O - 3 scrolls of poison {unknown}
 Q - 2 scrolls of blinking {unknown}
 V - 2 scrolls of revelation {unknown}
 X - 2 scrolls of brand weapon {unknown}
 Z - a scroll of silence {unknown}
Potions
 e - a potion of berserk rage {unknown}
 g - 5 potions of curing {unknown}
 i - 5 potions of invisibility
 n - 4 potions of mutation {unknown}
 o - 4 potions of degeneration {unknown}
 r - 2 potions of heal wounds {unknown}
 t - 4 potions of haste {unknown}
 B - 3 potions of brilliance {unknown}
 E - 4 potions of might {unknown}
 L - 2 potions of cancellation {unknown}
 S - 6 potions of enlightenment {unknown}
 U - 2 potions of attraction {unknown}
 Y - 2 potions of lignification {unknown}


   Skills:
 - Level 8.0 Fighting
 - Level 0.7 Short Blades
 - Level 5.0 Throwing
 - Level 6.0 Dodging
 - Level 1.5 Stealth
 - Level 12.8 Unarmed Combat
 - Level 2.0 Spellcasting
 - Level 2.0 Conjurations
 - Level 2.0 Hexes
 * Level 1.7 Translocations
 - Level 2.0 Air Magic
 - Level 2.0 Alchemy
 * Level 10.6 Invocations
 - Level 4.0 Evocations


You had 11 spell levels left.
You knew the following spells:

 Your Spells              Type           Power      Damage    Failure   Level
l - Lesser Beckoning      Tloc           22%        N/A       9%          2
m - Mephitic Cloud        Conj/Alch/Air  12%        N/A       14%         3

Your spell library contained the following spells:

 Spells                   Type           Power      Damage    Failure   Level
 Mercury Vapours          Alch/Air       24%        N/A       8%          2
 Ensorcelled Hibernation  Hex/Ice        14%        N/A       11%         2
 Confusing Touch          Hex            12%        N/A       14%         3
 Dazzling Flash           Conj/Hex       24%        N/A       14%         3
 Tukima's Dance           Hex            12%        N/A       14%         3
 Gell's Gravitas          Tloc           11%        N/A       17%         3
 Teleport Other           Tloc           11%        N/A       17%         3
 Hailstorm                Conj/Ice       7%         3d5       22%         3
 Summon Ice Beast         Ice/Summ       2%         N/A       32%         3
 Freezing Cloud           Conj/Ice/Air   4%         6-21      88%         5
 Dispersal                Tloc           5%         N/A       100%        6
 Sculpt Simulacrum        Ice/Alch       3%         N/A       100%        6


Dungeon Overview and Level Annotations

Branches:
Dungeon (12/15)            Temple (0/1) D:4            Lair (2/5) D:8
    Orc (0/2) D:12         Bailey (visited)
  Swamp: Lair:2-3    Shoals: Lair:2-3     Snake: Lair:2-3    Spider: Lair:2-3

Altars:
Cheibriados
Hepliaklqana
Nemelex Xobeh
Okawaru
Sif Muna
Vehumet
Zin
The Shining One

Shops:
D:10 [   D:11 *

Portals:
Trove: D:11 (give +5 ice dragon scales)

Annotations:
D:9 2 transporters, occam's ghost, novice FoFi


Innate Abilities, Weirdness & Mutations

You are too large for most types of armour.
You have claws for hands.
Your natural rate of healing is unusually fast.
You are covered in fur. (AC +1)
You have tough skin. (AC +1)


Message History

The seven-headed hydra bites you but does no damage.
The seven-headed hydra completely misses you.
The seven-headed hydra closely misses you.
The seven-headed hydra misses you.
The seven-headed hydra bites you but does no damage.
The seven-headed hydra closely misses you.
The seven-headed hydra barely misses you.
Throw: 3 boomerangs
Press: ? - help, Q - select action, (/) - cycle Shift-Dir - straight line, f/p - seven-headed hydra
Aim: a seven-headed hydra (heavily wounded, 84% to hit)
You throw a boomerang.
The boomerang hits the seven-headed hydra!
The seven-headed hydra is severely wounded.
The seven-headed hydra bites you! The seven-headed hydra bites you. x2
The seven-headed hydra bites you! The seven-headed hydra bites you.
The seven-headed hydra bites you! The seven-headed hydra misses you.
The bullfrog hits you but does no damage.
The flow of time bends around you.
Cheibriados rebukes the seven-headed hydra.
The seven-headed hydra seems to slow down.
Cheibriados rebukes the bullfrog.
The bullfrog seems to slow down.
The seven-headed hydra completely misses you.
The seven-headed hydra bites you but does no damage.
The seven-headed hydra barely misses you.
The seven-headed hydra bites you. x2; The seven-headed hydra bites you!
The seven-headed hydra bites you but does no damage.
The bullfrog completely misses you.
Throw: 3 boomerangs
Press: ? - help, Q - select action, (/) - cycle Shift-Dir - straight line, f/p - seven-headed hydra
Aim: a seven-headed hydra (heavily wounded, slow, 84% to hit)
You throw a boomerang.
The boomerang barely misses the seven-headed hydra.
The seven-headed hydra bites you. x2; The seven-headed hydra bites you!
The seven-headed hydra barely misses you.
The seven-headed hydra bites you. The seven-headed hydra bites you!
* * * LOW HITPOINT WARNING * * *
The seven-headed hydra bites you!
* * * LOW HITPOINT WARNING * * *
The bullfrog barely misses you.
Activating: Slouch (1% risk of failure)
Press: ? - help, Dir - look around, f - activate You can feel time thicken for a moment.
The bullfrog hits you.
* * * LOW HITPOINT WARNING * * *
Unknown command.
Activating: Slouch (1% risk of failure)
Press: ? - help, Dir - look around, f - activate You can feel time thicken for a moment.
You kill the bullfrog!
Cheibriados thoroughly appreciates the change of pace.
Cheibriados lowers the support of your attributes as your movement quickens.
The seven-headed hydra misses you.
The seven-headed hydra closely misses you.
The seven-headed hydra barely misses you.
The seven-headed hydra closely misses you.
The seven-headed hydra bites you!
* * * LOW HITPOINT WARNING * * *
The seven-headed hydra closely misses you.
The seven-headed hydra bites you but does no damage.
Aiming: Corrosive Bolt
Press: ? - help, Shift-Dir - straight line, f - seven-headed hydra
Aim: a seven-headed hydra (severely wounded, slow, 91% to hit)
The bolt of acid hits the seven-headed hydra!
The acid corrodes the seven-headed hydra!
The seven-headed hydra is almost dead.
The seven-headed hydra barely misses you.
The seven-headed hydra closely misses you.
The seven-headed hydra bites you.
* * * LOW HITPOINT WARNING * * *
The seven-headed hydra misses you.
The seven-headed hydra closely misses you.
The seven-headed hydra bites you but does no damage. x2
You tear one of the seven-headed hydra's heads off!
The six-headed hydra grows two more!
You scratch the eight-headed hydra.
The eight-headed hydra is almost dead.
You rip one of the eight-headed hydra's heads off!
The seven-headed hydra grows two more!
You scratch the nine-headed hydra.
The nine-headed hydra is severely wounded.
The nine-headed hydra closely misses you.
The nine-headed hydra bites you!
* * * LOW HITPOINT WARNING * * *
The nine-headed hydra bites you but does no damage. x2
The nine-headed hydra bites you!
* * * LOW HITPOINT WARNING * * *
The nine-headed hydra bites you.
* * * LOW HITPOINT WARNING * * *
The nine-headed hydra barely misses you.
The nine-headed hydra bites you.
* * * LOW HITPOINT WARNING * * *
The nine-headed hydra bites you but does no damage.
Unknown command.
Aiming: Corrosive Bolt
Press: ? - help, Shift-Dir - straight line, f/p - nine-headed hydra
Aim: a nine-headed hydra (severely wounded, slow, covered in acid, 91% to hit)
The bolt of acid misses the nine-headed hydra.
The now-empty wand crumbles to dust.
The nine-headed hydra barely misses you.
The nine-headed hydra bites you but does no damage.
The nine-headed hydra bites you!
You die...

##......## ##.......
#.......# ####........
#.#.....## ##.#.....~.~.
##.##.##.###....~~~~≈~~.
###.#..###..#~..~~≈≈~≈~
###.....#.##~~≈~~~~~≈
###.##.###.~≈~.~.~≈ #
##..#### #.~≈~.>~~~
##≈#D@.# P.~≈≈~..≈≈
#.~.†.## #P.~~≈~≈~~≈
.....~....# .~≈≈≈≈~
.....~...## ....#≈#..#
....#≈#... ... ###....
.. ##... #...


You could see a nine-headed hydra (slow, corroded).

Vanquished Creatures
  2 catoblepae
  A boulder beetle (D:11)
  3 two-headed ogres
  A skyshark (Lair:1)
  Amaemon (Lair:1)
  An ugly thing (D:12)
  2 deep elf pyromancers (D:12)
  2 cyclopes
  An orc sorcerer (Bailey)
  2 manticores (D:12)
  Joseph (D:10)
  A black mamba (Lair:2)
  An orange demon (Lair:1)
  2 gargoyles
  2 unseen horrors
  3 cane toads (Lair:1)
  Maggie (D:6)
  A rime drake (D:10)
  11 komodo dragons
  Psyche (D:9)
  3 burning bushes (Lair:1)
  A hornet (D:9)
  A polar bear (Lair:2)
  8 blink frogs
  Sigmund (D:3)
  A shadow (D:11)
  A vampire (D:11)
  2 wyverns (Lair:1)
  30 yaks
  Grum (Lair:1)
  3 basilisks
  2 steam dragons
  4 vampire mosquitoes (D:12)
  Edmund (D:6)
  Menkaure (D:6)
  21 water moccasins
  4 black bears
  3 sky beasts
  16 orc warriors
  4 wolves (Lair:1)
  A phantom (D:4)
  3 centaurs (D:12)
  A kobold brigand (D:8)
  2 scorpions
  15 bullfrogs
  A gnoll sergeant (D:9)
  10 wights (D:9)
  5 killer bees
  3 bombardier beetles
  2 howler monkeys
  16 electric eels
  4 hounds
  A jelly (D:4)
  11 orc priests
  2 sleepcaps
  A gnoll bouda (D:4)
  Terence (D:2)
  An iguana (D:6)
  Natasha (thrice) (D:3)
  13 orc wizards
  16 gnolls
  14 adders
  2 white imps
  2 ufetubi
  2 ribbon worms
  44 orcs
  3 ball pythons
  4 endoplasms
  3 giant cockroaches
  9 goblins
  14 hobgoblins
  3 jackals (D:3)
  7 kobolds
  2 quokkas
  5 bats
  2 frilled lizards
  3 rats
379 creatures vanquished.

Vanquished Creatures (others)
  An adder (D:6)
  An ufetubus (D:7)
  2 orcs
4 creatures vanquished.

Grand Total: 383 creatures vanquished

Notes
Turn   | Place    | Note
-------+----------+-------------------------------------------
     0 | D:1      | browni3141 the Troll Enchanter began the quest for the Orb.
     0 | D:1      | Reached XP level 1. HP: 16/16 MP: 1/1
    96 | D:1      | Reached skill level 1 in Unarmed Combat
   162 | D:1      | Reached XP level 2. HP: 26/26 MP: 2/2
   197 | D:1      | Found a faded altar of an unknown god.
   460 | D:2      | Found a snail-covered altar of Cheibriados.
   462 | D:2      | Noticed Terence
   485 | D:2      | Killed Terence
   486 | D:2      | Reached skill level 2 in Unarmed Combat
   486 | D:2      | Reached XP level 3. HP: 14/33 MP: 3/3
   585 | D:2      | Became a worshipper of Cheibriados the Contemplative
  1244 | D:3      | Noticed Natasha
  1253 | D:3      | Killed Natasha
  1254 | D:3      | Reached skill level 3 in Unarmed Combat
  1254 | D:3      | Reached XP level 4. HP: 41/41 MP: 4/4
  1488 | D:3      | Noticed Sigmund
  1534 | D:3      | Reached * piety under Cheibriados
  1576 | D:3      | Noticed Natasha
  1589 | D:3      | Killed Natasha
  1626 | D:3      | Noticed Natasha
  1630 | D:3      | Killed Natasha
  1716 | D:3      | Noticed a bullfrog
  1729 | D:3      | Killed a bullfrog
  1730 | D:3      | Reached skill level 4 in Unarmed Combat
  1730 | D:3      | Reached XP level 5. HP: 35/50 MP: 5/5
  2094 | D:3      | Killed Sigmund
  2095 | D:3      | Reached skill level 5 in Unarmed Combat
  2095 | D:3      | Reached XP level 6. HP: 59/59 MP: 6/6
  2244 | D:4      | Reached skill level 3 in Fighting
  2322 | D:4      | Reached skill level 6 in Unarmed Combat
  2322 | D:4      | Reached XP level 7. HP: 46/67 MP: 7/7
  2418 | D:4      | Reached ** piety under Cheibriados
  2560 | D:4      | Found a staircase to the Ecumenical Temple.
  2974 | D:5      | Entered Level 5 of the Dungeon
  3180 | D:5      | Found a glowing silver altar of Zin.
  3267 | D:5      | Reached skill level 7 in Unarmed Combat
  3601 | D:5      | Found a sparkling altar of Nemelex Xobeh.
  3604 | D:5      | Found a radiant altar of Vehumet.
  3689 | D:6      | Found a hazy altar of Hepliaklqana.
  3730 | D:6      | Reached XP level 8. HP: 75/78 MP: 8/8
  3733 | D:6      | Noticed Edmund
  3743 | D:6      | Killed Edmund
  3820 | D:6      | Noticed Maggie
  4106 | D:7      | Reached *** piety under Cheibriados
  4107 | D:7      | Reached skill level 3 in Throwing
  4186 | D:7      | Found a flagged portal.
  4208 | Bailey   | Entered a bailey
  4276 | Bailey   | Reached skill level 8 in Unarmed Combat
  4276 | Bailey   | Reached skill level 3 in Invocations
  4324 | Bailey   | Noticed an orc sorcerer
  4328 | Bailey   | Noticed an orange demon
  4330 | Bailey   | Noticed a sun demon
  4332 | Bailey   | Reached XP level 9. HP: 63/85 MP: 10/10
  4337 | Bailey   | Killed an orc sorcerer
  4480 | Bailey   | Reached **** piety under Cheibriados
  4807 | Bailey   | Found an iron altar of Okawaru.
  4807 | Bailey   | Noticed a kobold demonologist
  4890 | D:7      | Reached skill level 9 in Unarmed Combat
  5511 | D:7      | Reached XP level 10. HP: 18/96 MP: 6/12
  5879 | D:8      | Reached skill level 3 in Evocations
  6017 | D:8      | Found a staircase to the Lair.
  6275 | D:8      | Found a shimmering blue altar of Sif Muna.
  6285 | D:8      | Reached ***** piety under Cheibriados
  6408 | D:8      | Reached skill level 3 in Dodging
  6754 | D:8      | Reached skill level 6 in Invocations
  6866 | D:9      | Noticed a two-headed ogre
  6871 | D:9      | Killed a two-headed ogre
  6872 | D:9      | Reached skill level 10 in Unarmed Combat
  6967 | D:9      | Paralysed by a hornet for 2 turns
  6972 | D:9      | Paralysed by a hornet for 2 turns
  7116 | D:9      | Found a transporter.
  7128 | D:9      | Found a transporter.
  7148 | D:9      | Noticed a green ugly thing
  7257 | D:9      | Noticed Psyche
  7262 | D:9      | Killed Psyche
  7328 | D:9      | Noticed a six-headed hydra
  7329 | D:9      | Noticed a centaur warrior
  7374 | D:9      | Reached skill level 6 in Fighting
  7416 | D:9      | Reached XP level 11. HP: 22/91 MP: 8/14
  7559 | D:9      | Noticed occam's ghost (novice FoFi)
  7827 | D:9      | Found an iron altar of Okawaru.
  7827 | D:9      | Found a glowing golden altar of the Shining One.
  7868 | D:10     | Entered Level 10 of the Dungeon
  7978 | D:10     | Noticed a two-headed ogre
  8000 | D:10     | Killed a two-headed ogre
  8257 | D:10     | Noticed Joseph
  8273 | D:10     | Killed Joseph
  8397 | D:10     | Found Daosid's Armour Shop.
  8404 | D:10     | Bought a +1 cloak of preservation for 231 gold pieces
  8568 | D:10     | Reached skill level 11 in Unarmed Combat
  8812 | D:10     | Learned a level 3 spell: Mephitic Cloud
  8872 | D:11     | Found a radiant altar of Vehumet.
  8875 | D:11     | Noticed a two-headed ogre
  8885 | D:11     | Killed a two-headed ogre
  8991 | D:11     | Reached ****** piety under Cheibriados
  9069 | D:11     | Noticed a boulder beetle
  9078 | D:11     | Killed a boulder beetle
  9192 | D:11     | Found Istri's General Store.
  9362 | D:11     | Reached XP level 12. HP: 83/115 MP: 17/17
  9608 | D:11     | Found a portal to a secret trove of treasure.
 10395 | D:12     | Found a staircase to the Orcish Mines.
 10853 | D:12     | Identified the +2 pair of gloves of the Skies Above {rElec
                  | Dex+3}
 11100 | D:6      | Killed Maggie
 11156 | D:6      | Identified the +5 ring mail of Wumn {Harm rF+ rN+ Str-2}
 11161 | D:6      | Noticed Menkaure
 11167 | D:6      | Killed Menkaure
 11446 | Lair:1   | Entered Level 1 of the Lair of Beasts
 11448 | Lair:1   | Noticed a catoblepas
 11452 | Lair:1   | Reached skill level 12 in Unarmed Combat
 11452 | Lair:1   | Reached skill level 9 in Invocations
 11481 | D:8      | Killed a catoblepas
 11602 | Lair:1   | Noticed Grum
 11609 | Lair:1   | Noticed a catoblepas
 11615 | Lair:1   | Killed Grum
 11619 | Lair:1   | Killed a catoblepas
 11620 | Lair:1   | Reached skill level 6 in Dodging
 11662 | Lair:1   | Identified the +6 glaive of Annoyance {speed, Int+2}
 11798 | Lair:1   | Reached XP level 13. HP: 92/126 MP: 19/19
 11798 | Lair:1   | Noticed Amaemon
 11808 | Lair:1   | Killed Amaemon
 12247 | Lair:1   | Learned a level 2 spell: Lesser Beckoning
 12883 | Lair:2   | Slain by a nine-headed hydra

Illustrated notes

Levels and vault maps discovered:
D:1:      dpeg_arrival_shrine, layout_rooms,
          shapermc_ecumenical_altar_hornbeckon, minmay_fountain_box,
          chequers_serial_rivers_room_b
D:2:      layout_loops_ring, basic_altar, uniq_terence
D:3:      layout_basic, uniq_natasha, uniq_sigmund
D:4:      layout_basic, minmay_temple_entry_wispy, enter_ossuary_1,
          minmay_fractal_squares_5
D:5:      layout_cave_pods, zin_statuary, nicolae_overflow_squiral
D:6:      layout_rooms, lemuel_round_altar, kennysheep_dice, uniq_edmund,
          uniq_menkaure, uniq_maggie
D:7:      layout_basic, enter_bailey_2, serial_bayou, serial_bayou_shore_a,
          serial_bayou_pond_c, serial_bayou_pond_c, serial_bayou_lake_a
D:8:      layout_loops_ring, kennysheep_orc_sif_temple,
          grunt_lair_entry_orc_guard_hut
D:9:      layout_loops_corners, minitemple, nzn_ghost_randoct, uniq_psyche
D:10:     lemuel_reptile_caves, layout_stronghold, serial_shops, shop,
          nicolae_twisting_strands, uniq_joseph
D:11:     layout_loops_corners, enter_trove_6, serial_shops,
          nicolae_shop_statue_plus, minivault_26, nicolae_vehumet_radiance
D:12:     layout_loops_cross, hiddenorc2_lemuel, grunt_ministairs_12
Lair:1:   layout_loops_ring, evilmike_ambush [evilmike_ambush_outer_basic,
          evilmike_ambush_inner_basic], grunt_megastairs_5, uniq_amaemon,
          uniq_grum
Lair:2:   layout_cave_pods, chequers_serial_rivers_micro_a,
          cheibrodos_lair_reptile_den, infiniplex_staircase_pool_2, uniq_fannar

Skill      XL: |  1  2  3  4  5  6  7  8  9 10 11 12 13 |
---------------+----------------------------------------+-----
Unarmed Combat | 1 2 3 4 5 6 7 8 9 10 11 12 | 12.8
Fighting       | 1 2 3 4 5 6 7 8 |  8.0
Throwing       | 1 3 5 |  5.0
Invocations    | 3 5 6 8 9 10 | 10.6
Evocations     | 1 2 3 4 |  4.0
Dodging        | 4 6 |  6.0
Alchemy        | 1 2 |  2.0
Conjurations   | 1 2 |  2.0
Air Magic      | 1 2 |  2.0
Spellcasting   | 2 |  2.0
Translocations | 1 |  1.7
Short Blades   | |  0.7
Stealth        | |  1.5
Hexes          | |  2.0

Action                     |  1- 3 |  4- 6 |  7- 9 | 10-12 | 13-15 || total
---------------------------+-------+-------+-------+-------+-------++-------
  Melee: Unarmed           |    75 |    55 |   280 |   492 |   109 ||  1011
         Punch             |     1 |     2 |    16 |    37 |    10 ||    66
  Throw: Dart              |       |       |       |    25 |     6 ||    31
         Boomerang         |       |       |       |     7 |     8 ||    15
         Large rock        |       |       |       |     1 |       ||     1
   Cast: Mephitic Cloud    |       |       |       |     1 |       ||     1
 Invoke: Slouch            |       |       |     1 |     5 |     2 ||     8
         Temporal Distorti |       |       |       |     2 |       ||     2
         Bend Time         |       |       |       |     2 |     1 ||     3
  Evoke: Wand              |       |       |    11 |     6 |     2 ||    19
   Stab: Sleeping          |     2 |     3 |     2 |     5 |     1 ||    13
         Paralysed         |       |       |     3 |       |       ||     3
         Distracted        |       |       |       |     1 |     1 ||     2
         Confused          |       |       |       |     1 |       ||     1
 Armour: Robe              |    57 |    35 |   275 |   323 |       ||   690
         Steam dragon scal |       |       |       |    66 |    86 ||   152
  Dodge: Dodged            |    31 |    17 |   133 |   308 |    92 ||   581
